 Dungeon Crawl Stone Soup version 0.32-a0-441-gaf4921d101 (webtiles) character file.

Game seed: 1326715227929248270

210 Amplified the Chopper (level 5, 0/44 HPs)
             Began as a Mountain Dwarf Wanderer on Feb 23, 2024.
             Was an Initiate of Okawaru.
             Slain by a killer bee (8 damage)
             ... on level 7 of the Dungeon.
             The game lasted 00:03:33 (2468 turns).

Amplified the Chopper (Mountain Dwarf Wanderer)     Turns: 2468, Time: 00:03:34

Health: 0/44       AC:  4    Str: 18    XL:     5   Next: 57%
Magic:  17/17      EV:  9    Int: 10    God:    Okawaru [......]
Gold:   238        SH:  8    Dex: 10    Spells: 7/8 levels left

rFire   . . .        a - +3 hand axe
rCold   . . .        k - +0 kite shield
rNeg    . . .        d - +0 leather armour
rPois   .            (no helmet)
rElec   .            (no cloak)
rCorr   .            (no gloves)
SInv    .            g - +0 pair of boots
Will    .....        (no amulet)
Stlth   +            f - ring of magical power
HPRegen 0.27/turn    (no ring)
MPRegen 0.15/turn

%: no passive effects
@: lethally poisoned (0 -> -10)
A: runic magic, artefact enchanting
a: Renounce Religion


You were on level 7 of the Dungeon.
You worshipped Okawaru.
Okawaru was noncommittal.
You visited 1 branch of the dungeon, and saw 5 of its levels.

You collected 238 gold pieces.

Inventory:

Hand Weapons
 a - a +3 hand axe (weapon)
Missiles
 j - 5 poisoned darts
Armour
 d - a +0 leather armour (worn)
 g - a +0 pair of boots (worn)
 k - a +0 kite shield (worn)
Jewellery
 f - a ring of magical power (left hand)
Scrolls
 i - a scroll of poison
Potions
 e - 3 potions of enlightenment


   Skills:
 * Level 2.9 Fighting
 * Level 4.8 Axes
 - Level 1.0 Dodging
 * Level 3.6 Shields
 + Level 2.2 Spellcasting
 + Level 2.1 Necromancy
 * Level 1.7 Invocations


You had 7 spell levels left.
You knew the following spells:

 Your Spells              Type           Power      Damage    Failure   Level
a - Necrotise             Necr           20%        1d5       32%         1

Your spell library contained the following spells:

 Spells                   Type           Power      Damage    Failure   Level
 Vampiric Draining        Necr           5%         2d6       69%         3
 Ignite Poison            Fire/Alch      1%         N/A       100%        4
 Sticky Flame             Fire/Alch      1%         2d4       100%        4
 Ignition                 Fire           0%         3d3       100%        8


Dungeon Overview and Level Annotations

Branches:
Dungeon (4/15)
 Temple: D:4-7

Altars:
Fedhas
Kikubaaqudgha
Nemelex Xobeh
Okawaru
Zin

Annotations:
D:4 3 runed translucent doors, hattey's ghost, amateur HuWn
D:7 Joseph


Innate Abilities, Weirdness & Mutations

Your spellcasting is much less encumbered by armour.
You can use scrolls of enchantment on lesser artefacts.


Message History

The iguana attacks as it pursues you! The iguana bites you.
Your surroundings suddenly seem different.
An ice beast and 6 killer bees come into view.
Found four items.
Found an escape hatch in the ceiling.
Found a stone staircase leading up.
The killer bee buzzes angrily. x4
The killer bee barely misses you. The killer bee stings you.
You are poisoned.
The killer bee poisons you! You block the killer bee's attack.
Unknown command.
You feel much better.
You feel very sick.
The killer bee stings you but does no damage.
You block the killer bee's attack. The killer bee barely misses you.
You block the killer bee's attack. x2; The killer bee barely misses you.
The killer bee stings you.
Unknown command.
Unknown command.
Okay, then.
You aren't carrying any items that you can evoke.
Unknown command.
Okay, then.
Okay, then.
Okay, then.
Found 14 gold pieces.
You feel sick.
The killer bee buzzes angrily.
The killer bee attacks as it pursues you!
The killer bee barely misses you.
The killer bee attacks as it pursues you!
The killer bee stings you!
The killer bee stings you but does no damage.
The killer bee stings you!
You are more poisoned.
The killer bee poisons you! The killer bee stings you.
* * * LOW HITPOINT WARNING * * *
* * * LOW HITPOINT WARNING * * *
You feel very sick. You block the killer bee's attack.
The killer bee closely misses you. You block the killer bee's attack.
The killer bee stings you!
You die...

...............
$..............
.........<......
......$.........
................
................
..../...........
.......@yy......
.......yy.......
.......y.y.....<
................
........?.......
.....(.....Y....
..$.............
................
................


You could see an ice beast and 6 killer bees.

Vanquished Creatures
  A scorpion (D:4)
  A hound (D:2)
  5 adders
  2 dart slugs (D:1)
  An orc (D:4)
  8 ball pythons
  7 endoplasms
  A giant cockroach (D:3)
  6 goblins
  6 hobgoblins
  13 jackals
  4 kobolds
  6 quokkas
  2 bats (D:1)
  2 frilled lizards (D:1)
  6 rats
71 creatures vanquished.

Notes
Turn   | Place    | Note
-------+----------+-------------------------------------------
     0 | D:1      | Amplified the Mountain Dwarf Wanderer began the quest for
                  | the Orb.
     0 | D:1      | Amplified set off with the following items: a +2 hand axe,
                  | a +0 buckler, a scroll of teleportation, a +0 leather
                  | armour; and the following spell memorised: Necrotise; and
                  | the following spells available to memorise: Vampiric
                  | Draining.
     0 | D:1      | Reached XP level 1. HP: 16/16 MP: 3/3
   118 | D:1      | Reached XP level 2. HP: 15/23 MP: 4/4
   385 | D:1      | Reached skill level 4 in Axes
   584 | D:1      | Reached XP level 3. HP: 29/29 MP: 5/5
   666 | D:1      | Found a faded altar of an unknown god.
  1137 | D:2      | Reached XP level 4. HP: 31/36 MP: 7/7
  1504 | D:3      | Found an iron altar of Okawaru.
  1517 | D:3      | Became a worshipper of Warmaster Okawaru
  1543 | D:3      | Found a glowing silver altar of Zin.
  1798 | D:3      | Found a sparkling altar of Nemelex Xobeh.
  1881 | D:3      | Found a blossoming altar of Fedhas.
  2103 | D:4      | Found a runed translucent gate.
  2103 | D:4      | Found a runed translucent gate.
  2103 | D:4      | Found a runed translucent gate.
  2127 | D:4      | Noticed hattey's ghost (amateur HuWn)
  2187 | D:4      | Noticed a scorpion
  2191 | D:4      | Killed a scorpion
  2192 | D:4      | Reached skill level 1 in Invocations
  2192 | D:4      | Reached XP level 5. HP: 44/44 MP: 8/8
  2334 | D:4      | Found an ancient bone altar of Kikubaaqudgha.
  2430 | D:4      | You fall into a shaft and drop 3 floors!
  2444 | D:7      | Noticed Joseph
  2450 | D:7      | Noticed a sky beast
  2465 | D:7      | Noticed an ice beast
  2468 | D:7      | Slain by a killer bee

Illustrated notes

Levels and vault maps discovered:
D:1:      dpeg_arrival_stone_temple_mockup, layout_rooms,
          shapermc_ecumenical_altar_mp_vishouse, roderic_serpentine_path
D:2:      layout_rooms
D:3:      layout_rooms, mainiacjoe_overflow_catwalk, okawaru_metal_pillars_1_2,
          fedhas_altar_3, nemelex_altar_shiori, kennysheep_pointless_box
D:4:      layout_cave_pools, mainiacjoe_overflow_cross_hatched,
          worldfamousw_hep_ancestral_shrine, ebering_ghost_rock_garden
D:7:      layout_basic, eino_small_chamber_without_monster,
          corexii_leaking_fountain, uniq_joseph

Skill      XL: |  1  2  3  4 |
---------------+-------------+-----
Axes           | 4 |  4.8
Spellcasting   | 2 |  2.2
Fighting       | 2 |  2.9
Shields        | 3 |  3.6
Necromancy     | 2 |  2.1
Invocations    | 1 |  1.7
Dodging        | |  1.0

Action                     |  1- 3 |  4- 6 || total
---------------------------+-------+-------++-------
  Melee: Hand axe          |    96 |    93 ||   189
  Evoke: Wand              |       |     1 ||     1
    Use: Scroll            |     5 |     4 ||     9
         Potion            |       |     2 ||     2
 Armour: Leather armour    |    40 |    72 ||   112
  Dodge: Dodged            |    49 |    45 ||    94
  Block: Buckler           |    20 |    20 ||    40
         Kite shield       |       |    12 ||    12

Table legend: (Time is in decaauts)
 A = Elapsed time spent in this place.
 B = Non-inter-level travel time spent in this place.
 C = Inter-level travel time spent in this place.
 D = Time resting spent in this place.
 E = Time spent auto-exploring this place.
 F = Levels seen in this place.
 G = Mean time per level.
                   A        B        C        D        E       F      G
               +--------+--------+--------+--------+--------+-----+--------+
         Total |   2490 |   2420 |     70 |    103 |   1812 |   5 |  498.0 |
       Dungeon |   2490 |   2420 |     70 |    103 |   1812 |   5 |  498.0 |
               +--------+--------+--------+--------+--------+-----+--------+

Top non-repeatable levels by time:
     D:1: 882 daAuts
     D:2: 636 daAuts
     D:3: 601 daAuts
     D:4: 331 daAuts
     D:7: 38 daAuts
